 Dungeon Crawl Stone Soup version 0.27.1-4-g1640c2035a (webtiles) character file.

Game seed: 10369936140538344439

13575 Stomo444 the Blocker (level 12, -15/64 HPs)
             Began as a Vine Stalker Fighter on Nov 17, 2021.
             Was a High Priest of Okawaru.
             Shot with an arrow by a centaur warrior (20 damage)
             ... on level 10 of the Dungeon.
             The game lasted 00:23:11 (9770 turns).

Stomo444 the Blocker (Vine Stalker Fighter)         Turns: 9770, Time: 00:23:12

Health: -15/64     AC: 13    Str: 26    XL:     12   Next: 7%
Magic:  0/17       EV: 20    Int:  8    God:    Okawaru [*****.]
Gold:   444        SH: 15    Dex: 20    Spells: 11/11 levels left

rFire    + . .     SeeInvis +   y - +5 whip of the Inferno {pain, rElec rF+ Str+2}
rCold    . . .     Faith    .   c - +0 kite shield
rNeg     . . .     Spirit   +   O - +3 troll leather armour {Snorg}
rPois    .         Reflect  .   (no helmet)
rElec    +         Harm     .   m - +0 cloak
rCorr    .         Rampage  .   (no gloves)
Will     +....                  f - +1 pair of boots
Stlth    +++.......             (no amulet)
HPRegen  2.20/turn              G - +6 ring of dexterity
MPRegen  0.15/turn              q - ring of see invisible

@: heroic, studying Shields
A: fangs 3, regeneration 1, magic shield, antimagic bite, no potion heal 2
a: Renounce Religion, Heroism, Finesse


You were on level 10 of the Dungeon.
You worshipped Okawaru.
Okawaru was extremely pleased with you.
You visited 1 branch of the dungeon, and saw 10 of its levels.

You collected 444 gold pieces.

Inventory:

Hand Weapons
 a - a +0 flail
 d - a +2 mace of holy wrath
 e - a +3 eveningstar of holy wrath
 r - a +2 whip of venom
 y - the +5 whip of the Inferno (weapon) {pain, rElec rF+ Str+2}
   (You found it on level 6 of the Dungeon)

   In the hands of one skilled in necromantic magic, it inflicts extra damage on
   living creatures.
   Str:       It affects your strength (+2).
   rF:        It protects you from fire.
   rElec:     It insulates you from electricity.
 I - a +0 club
Missiles
 J - 2 boomerangs (quivered)
 K - 192 stones
Armour
 b - a +0 scale mail
 c - a +0 kite shield (worn)
 f - a +1 pair of boots (worn)
 h - a +1 plate armour of positive energy
 l - a +0 chain mail
 m - a +0 cloak (worn)
 w - a scarf of repulsion
 O - a +3 troll leather armour (worn) {Snorg}
 R - the +0 chain mail of Fallacy {Rampage Str+6 Dex-2}
   (Okawaru gifted it to you on level 10 of the Dungeon)

   Str:       It affects your strength (+6).
   Dex:       It affects your dexterity (-2).
   Rampage:   It bestows one free step when moving towards enemies.
Jewellery
 q - a ring of see invisible (right hand)
 u - a ring of resist corrosion
 G - a +6 ring of dexterity (left hand)
 M - a ring of positive energy
Wands
 t - a wand of paralysis (6)
 v - a wand of iceblast (6)
 B - a wand of acid (7)
 C - a wand of flame (56)
 F - a wand of polymorph (9)
 N - a wand of digging (3)
Scrolls
 o - 4 scrolls of teleportation
 p - 12 scrolls of identify
 s - a scroll of torment {unknown}
 A - 2 scrolls of enchant weapon
 D - 3 scrolls of fear {unknown}
 E - a scroll of magic mapping {unknown}
 H - 6 scrolls of silence {unknown}
 L - a scroll of enchant armour
 Q - a scroll of summoning {unknown}
Potions
 g - 3 potions of curing
 i - 2 potions of lignification
 k - 3 potions of heal wounds {unknown}
 x - 4 potions of attraction {unknown}
 z - a potion of magic {unknown}
 P - a potion of cancellation
Miscellaneous
 j - a condenser vane
 n - a phial of floods


   Skills:
 + Level 8.1(13.1) Fighting
 + Level 7.6(12.6) Maces & Flails
 + Level 7.2(12.2) Armour
 + Level 6.7(11.7) Dodging
 + Level 10.4(15.4) Shields
 + Level 6.1 Invocations


You had 11 spell levels left.
You didn't know any spells.
Your spell library contained the following spells:

 Spells                   Type           Power      Damage    Failure   Level
 Animate Skeleton         Necr           0%         N/A       43%         1
 Pain                     Necr           0%         1d4       43%         1
 Ensorcelled Hibernation  Hex/Ice        0%         N/A       58%         2
 Passwall                 Tmut/Erth      0%         N/A       58%         2
 Slow                     Hex            0%         N/A       58%         2
 Sublimation of Blood     Necr           0%         N/A       58%         2
 Wereblood                Tmut           0%         N/A       58%         2
 Confusing Touch          Hex            0%         N/A       82%         3
 Spider Form              Tmut/Pois      0%         N/A       82%         3
 Summon Guardian Golem    Hex/Summ       0%         N/A       82%         3
 Swiftness                Air            0%         N/A       82%         3
 Vampiric Draining        Necr           0%         2d6       82%         3
 Leda's Liquefaction      Hex/Erth       0%         N/A       99%         4
 Bolt of Magma            Conj/Fire/Erth 0%         4d4       100%        5
 Fireball                 Conj/Fire      0%         3d3       100%        5
 Invisibility             Hex            0%         N/A       100%        6
 Shadow Creatures         Summ           N/A        N/A       100%        6
 Starburst                Conj/Fire      0%         6d3       100%        6
 Statue Form              Tmut/Erth      0%         N/A       100%        6
 Orb of Destruction       Conj           0%         N/A       100%        7
 Spellforged Servitor     Conj/Summ      0%         N/A       100%        7
 Summon Hydra             Summ           0%         N/A       100%        7
 Ignition                 Fire           0%         3d3       100%        8


Dungeon Overview and Level Annotations

Branches:
Dungeon (10/15)            Temple (0/1) D:7            Lair (0/6) D:10
    Orc (0/2) D:10

Altars:
Fedhas
Hepliaklqana
Nemelex Xobeh
Okawaru
Trog
Xom
Yredelemnul
Zin
The Shining One

Shops:
D:2 [

Annotations:
D:4 2 runed translucent doors
D:10 exclusion: door


Innate Abilities, Weirdness & Mutations

You have razor-sharp teeth.
Your natural rate of healing is unusually fast.
When hurt, damage is shared between your health and your magic reserves.
Your bite disrupts and absorbs the magic of your enemies.
Potions cannot restore your health.


Message History

The centaur warrior shoots an arrow.
You block the arrow.
The centaur warrior shoots an arrow.
You block the arrow.
The centaur warrior shoots an arrow.
The arrow misses you.
The centaur warrior wields a +0 longbow.
The centaur warrior shoots an arrow.
You block the arrow.
The centaur warrior shoots an arrow.
The arrow hits you!!
Okay, then.
The centaur warrior shoots an arrow.
You block the arrow.
The centaur warrior shoots an arrow.
The arrow hits you!
The centaur warrior shoots an arrow.
The arrow hits you!!
The centaur warrior shoots an arrow.
You block the arrow.
Unknown command.
The centaur warrior unwields a +0 longbow.
The centaur warrior misses you. You block the centaur warrior's attack.
You hit the centaur warrior. Your bite misses the centaur warrior.
The centaur warrior is lightly wounded.
You block the centaur warrior's attack. x2
Unknown command.
The centaur warrior shoots an arrow.
The arrow hits you!
* * * LOW HITPOINT WARNING * * *
Unknown command.
You gain the combat prowess of a mighty hero.
The centaur warrior shoots an arrow.
The arrow hits you!
* * * LOW HITPOINT WARNING * * *
You block the centaur warrior's attack.
The centaur warrior completely misses you.
The centaur warrior shoots an arrow.
The arrow completely misses you. The centaur warrior barely misses you.
The centaur warrior kicks you but does no damage.
Okay, then.
The centaur warrior shoots an arrow.
The arrow misses you.
The centaur warrior wields a +0 longbow.
The centaur warrior shoots an arrow.
You block the arrow.
There is an escape hatch in the floor here.
Unknown command.
The centaur warrior shoots an arrow.
The arrow closely misses you.
The centaur warrior shoots an arrow.
The arrow hits you!
* * * LOW HITPOINT WARNING * * *
The centaur warrior shoots an arrow.
The arrow hits you!!
You die...

#..........##
########..#######.##
#...................
#▓##############▓###
#>.....♣.♣C♣ .#C###
###..c....♣....###..
#♣.♣C♣.♣.♣..♣#....
##.c♣.♣.♣.♣###....
#@#..♣.♣.♣.#C#....
###.♣......###....
#♣......♣# #.#).
....♣.# #.###
#♣__♣## #.# # ###
#.# # ## #.### #....
#####


You could see 2 centaur warriors and a cyclops.

Vanquished Creatures
  Snorg (D:10)
  Erolcha (D:10)
  A hydra (D:9)
  Erica (D:8)
  3 two-headed ogres
  A kobold demonologist (D:6)
  Maggie (D:6)
  2 trolls (D:10)
  4 slime creatures
  A hornet (D:9)
  A wraith (D:10)
  Sigmund (D:3)
  Grum (D:8)
  4 vampire mosquitoes (D:10)
  2 acid dragons
  A water moccasin (D:5)
  7 orc warriors
  A black bear (D:7)
  3 necrophages
  2 sky beasts
  2 wolves (D:8)
  4 ogres (D:10)
  4 centaurs
  A phantom (D:5)
  3 kobold brigands
  6 bullfrogs
  3 scorpions
  4 gnoll sergeants (D:10)
  A water moccasin zombie (D:5)
  A water moccasin skeleton (D:5)
  A wyvern skeleton (D:7)
  7 killer bees (D:9)
  3 wights (D:7)
  2 howler monkeys
  2 bullfrog zombies (D:5)
  5 centaur zombies
  4 hounds
  An orc priest (D:4)
  3 gnoll shamans
  A centaur skeleton (D:7)
  A jelly (D:6)
  4 iguanas
  Terence (D:2)
  A scorpion zombie (D:5)
  5 orc wizards
  3 hound skeletons (D:5)
  A hound zombie (D:4)
  A howler monkey zombie (D:5)
  25 gnolls
  A howler monkey skeleton (D:3)
  9 adders
  A shadow imp (D:6)
  2 white imps
  An ufetubus (D:6)
  2 worms
  38 orcs
  13 ball pythons
  9 endoplasms
  2 giant cockroaches
  7 goblins
  13 hobgoblins
  10 kobolds
  2 quokkas
  4 bats
  4 frilled lizards
  3 rats
260 creatures vanquished.

Vanquished Creatures (others)
  A bush (D:10)
  2 withered plants (D:4)
3 creatures vanquished.

Grand Total: 263 creatures vanquished

Notes
Turn   | Place    | Note
-------+----------+-------------------------------------------
     0 | D:1      | Stomo444 the Vine Stalker Fighter began the quest for the
                  | Orb.
     0 | D:1      | Reached XP level 1. HP: 11/11 MP: 2/2
   393 | D:1      | Found a faded altar of an unknown god.
   475 | D:1      | Reached XP level 2. HP: 16/16 MP: 3/3
  1387 | D:2      | Reached XP level 3. HP: 19/19 MP: 4/4
  1401 | D:2      | Reached skill level 3 in Shields
  1507 | D:2      | Noticed Terence
  1889 | D:2      | Reached skill level 1 in Dodging
  1891 | D:2      | Killed Terence
  1892 | D:2      | Gained mutation: Your natural rate of healing is unusually
                  | fast. [Vine Stalker growth]
  1892 | D:2      | Reached XP level 4. HP: 17/24 MP: 3/5
  1943 | D:2      | Found Ikehus's Armour Boutique.
  2030 | D:2      | Reached XP level 5. HP: 28/28 MP: 6/6
  2608 | D:3      | Noticed Sigmund
  2720 | D:3      | Killed Sigmund
  2721 | D:3      | Reached XP level 6. HP: 29/33 MP: 4/7
  3189 | D:4      | Found a basalt altar of Yredelemnul.
  3251 | D:4      | Reached XP level 7. HP: 36/37 MP: 6/8
  3331 | D:4      | Found a large runed translucent door.
  3331 | D:4      | Found a large runed translucent door.
  3352 | D:4      | Reached skill level 4 in Shields
  3429 | D:4      | Found a large runed translucent door.
  3429 | D:4      | Found a large runed translucent door.
  3668 | D:4      | Gained mutation: You have razor-sharp teeth. [Vine Stalker
                  | growth]
  3668 | D:4      | Reached XP level 8. HP: 26/42 MP: 4/9
  3752 | D:4      | Found a sparkling altar of Nemelex Xobeh.
  3822 | D:4      | Reached skill level 5 in Shields
  3862 | D:4      | Found a blossoming altar of Fedhas.
  3868 | D:4      | Found a glowing silver altar of Zin.
  3925 | D:4      | Found a bloodstained altar of Trog.
  4081 | D:5      | Entered Level 5 of the Dungeon
  4125 | D:5      | Reached skill level 5 in Fighting
  4388 | D:5      | Reached skill level 6 in Shields
  4776 | D:6      | Reached XP level 9. HP: 47/47 MP: 10/10
  4803 | D:6      | Identified the +5 whip of the Inferno {pain, rElec rF+
                  | Str+2}
  4956 | D:6      | Found an iron altar of Okawaru.
  4962 | D:6      | Reached skill level 5 in Maces & Flails
  4981 | D:6      | Became a worshipper of Warmaster Okawaru
  5025 | D:6      | Noticed Maggie
  5040 | D:6      | Killed Maggie
  5041 | D:6      | Reached skill level 5 in Armour
  5388 | D:6      | Reached skill level 1 in Invocations
  5458 | D:6      | Reached * piety under Okawaru
  5486 | D:6      | Reached skill level 7 in Shields
  5574 | D:6      | Noticed a kobold demonologist
  5575 | D:6      | Noticed a hellwing
  5584 | D:6      | Noticed a rust devil
  5587 | D:6      | Killed a kobold demonologist
  6030 | D:7      | Reached ** piety under Okawaru
  6067 | D:7      | Reached XP level 10. HP: 42/53 MP: 13/13
  6373 | D:7      | Found a staircase to the Ecumenical Temple.
  6511 | D:7      | Reached skill level 5 in Dodging
  6594 | D:7      | Found a shimmering altar of Xom.
  6623 | D:7      | Found a hazy altar of Hepliaklqana.
  6624 | D:7      | Noticed a spectral ugly thing
  6986 | D:8      | Noticed Grum
  6994 | D:8      | Killed Grum
  6995 | D:8      | Reached skill level 8 in Shields
  7262 | D:8      | Found a glowing golden altar of the Shining One.
  7409 | D:8      | Noticed Erica
  7432 | D:8      | Killed Erica
  7432 | D:8      | Reached *** piety under Okawaru
  7996 | D:9      | Noticed a two-headed ogre
  8044 | D:9      | Paralysed by a hornet for 2 turns
  8052 | D:9      | Reached **** piety under Okawaru
  8255 | D:9      | Killed a two-headed ogre
  8326 | D:9      | Noticed a two-headed ogre
  8352 | D:9      | Killed a two-headed ogre
  8353 | D:9      | Reached skill level 9 in Shields
  8353 | D:9      | Reached XP level 11. HP: 40/58 MP: 15/15
  8541 | D:9      | Reached ***** piety under Okawaru
  8754 | D:9      | Noticed a four-headed hydra
  8766 | D:9      | Killed a four-headed hydra
  8767 | D:9      | Reached skill level 5 in Invocations
  8884 | D:10     | Entered Level 10 of the Dungeon
  8885 | D:10     | Found a staircase to the Lair.
  8987 | D:10     | Noticed Snorg
  9004 | D:10     | Killed Snorg
  9139 | D:10     | Noticed Erolcha
  9203 | D:10     | Killed Erolcha
  9204 | D:10     | Reached skill level 10 in Shields
  9357 | D:10     | Noticed a cyclops
  9513 | D:10     | Found a staircase to the Orcish Mines.
  9541 | D:10     | Identified the +0 chain mail of Fallacy {Rampage Str+6
                  | Dex-2} (Okawaru gifted it to you on level 10 of the
                  | Dungeon)
  9541 | D:10     | Received a gift from Okawaru
  9585 | D:10     | Reached XP level 12. HP: 46/64 MP: 17/17
  9635 | D:10     | Noticed a two-headed ogre
  9647 | D:10     | Killed a two-headed ogre
  9647 | D:10     | Reached ****** piety under Okawaru
  9698 | D:10     | Found a large runed translucent door.
  9698 | D:10     | Found a large runed translucent door.
  9706 | D:10     | Noticed a centaur warrior
  9716 | D:10     | Noticed a centaur warrior
  9759 | D:10     | Found an iron altar of Okawaru.
  9759 | D:10     | Found an iron altar of Okawaru.
  9770 | D:10     | Shot with an arrow by a centaur warrior

Illustrated notes

Levels and vault maps discovered:
D:1:      dpeg_arrival_stone_temple_mockup, layout_basic, serial_forest,
          infiniplex_forest_lined_2, infiniplex_forest_lined_corner,
          infiniplex_forest_corner_1, infiniplex_forest_lined_4_way,
          infiniplex_forest_lined_room_2, infiniplex_forest_straight_5,
          infiniplex_forest_clump_long, infiniplex_forest_join,
          infiniplex_forest_end_3, basic_ecumenical_altar
D:2:      layout_basic, serial_shops, shop, uniq_terence
D:3:      layout_loops_corners, uniq_sigmund
D:4:      layout_rooms, yredelemnul_altar_generic, grunt_temple_overflow_open,
          nemelex_xobeh_ov_fountains_minmay, minmay_hollow_rounded_squares
D:5:      layout_loops_cross, eino_tiny_chamber, st_stairs_11
D:6:      layout_basic, mainiacjoe_overflow_boulevard, minmay_small_thing,
          uniq_maggie
D:7:      layout_loops_corners, regret_index_temple_of_mockery,
          minmay_temple_entry_hall
D:8:      layout_gridville, nicolae_tso_carved_into_rock, uniq_erica, uniq_grum
D:9:      layout_basic, corexii_leaking_fountain
D:10:     okawaru_arena_lexackson, layout_basic,
          kennysheep_orc_monster_closet_entryway, kb_lookout_dungeons_type,
          hellmonk_bongcloud_opening, uniq_snorg, uniq_erolcha

Skill      XL: |  1  2  3  4  5  6  7  8  9 10 11 |
---------------+----------------------------------+-----
Maces & Flails | 2 3 4 5 6 7 |  7.6
Fighting       | 3 4 5 6 7 8 |  8.1
Shields        | 3 4 6 7 9 10 | 10.4
Dodging        | 1 2 3 4 5 6 |  6.7
Armour         | 3 4 5 6 7 |  7.2
Invocations    | 2 4 6 |  6.1

Action                   |  1- 3 |  4- 6 |  7- 9 | 10-12 || total
-------------------------+-------+-------+-------+-------++-------
Melee: Flail             |    69 |       |       |       ||    69
       Bite              |    14 |    29 |   102 |   238 ||   383
       Mace              |       |   119 |    45 |       ||   164
       Eveningstar       |       |       |   116 |       ||   116
       Whip              |       |       |   155 |   447 ||   602
Throw: Boomerang         |       |       |       |     8 ||     8
       Stone             |       |       |       |     2 ||     2
Invok: Heroism           |       |       |       |     2 ||     2
Evoke: Wand              |       |       |       |     2 ||     2
  Use: Scroll            |     2 |     2 |     1 |     1 ||     6
       Potion            |     1 |       |     3 |       ||     4
 Stab: Distracted        |       |       |     1 |       ||     1
       Sleeping          |       |       |       |     1 ||     1
Armor: Scale mail        |    33 |    55 |    95 |    77 ||   260
       Skin              |       |       |    18 |       ||    18
       Troll leather arm |       |       |       |    28 ||    28
Dodge: Dodged            |    18 |    45 |   126 |   197 ||   386
Block: Kite shield       |    37 |    61 |   196 |   308 ||   602
